 Dungeon Crawl Stone Soup version 0.18.1-50-g88ac8fd (webtiles) character file.

186 nikopol the Chopper (level 5, 0/47 HPs)
             Began as a Hill Orc Berserker on Oct 16, 2016.
             Was a Priest of Trog.
             Slain by a jelly (1 damage)
             ... on level 3 of the Dungeon.
             The game lasted 00:06:36 (2895 turns).

nikopol the Chopper (Hill Orc Berserker)            Turns: 2895, Time: 00:06:36

Health: 0/47       AC:  0    Str: 20    XL:     5   Next: 65%
Magic:  5/5        EV: 11    Int:  7    God:    Trog [***...]
Gold:   181        SH:  0    Dex: 11    Spells: 0 memorised, 4 levels left

rFire  . . .     SeeInvis .     a - +0 hand axe
rCold  + . .     Gourm    .     i - +1 ring mail {rC+}
rNeg   . . .     Faith    .     (no shield)
rPois  .         Spirit   .     t - +0 helmet
rElec  .         Dismiss  .     (no cloak)
rCorr  .         Reflect  .     (no gloves)
SustAt .         Harm     .     (no boots)
MR     .....                    (no amulet)
Stlth  +.........               (no ring)
                                (no ring)

@: corroded, not resistant to hostile enchantments, very unstealthy
A: no striking features
a: Berserk, Trog's Hand, Burn Spellbooks, Renounce Religion


You were on level 3 of the Dungeon.
You worshipped Trog.
Trog was most pleased with you.
You were not hungry.

You visited 1 branch of the dungeon, and saw 3 of its levels.

You collected 181 gold pieces.

Inventory:

Hand Weapons
 a - a +0 hand axe (weapon)
Missiles
 q - 35 arrows (quivered)
Armour
 b - a +0 animal skin
 i - a +1 ring mail of cold resistance (worn)
 t - a +0 helmet (worn)
Jewellery
 p - an uncursed ring of ice {unknown}
 v - a cursed -2 ring of evasion {unknown}
Scrolls
 e - a scroll of noise {unknown}
 f - a scroll of random uselessness {unknown}
 g - a scroll of enchant armour {unknown}
 j - 2 scrolls of remove curse {unknown}
 l - a scroll of blinking {unknown}
 m - 4 scrolls of identify {unknown}
 n - a scroll of fear {unknown}
Potions
 h - a potion of haste {unknown}
 k - 3 potions of curing {unknown}
 r - a potion of heal wounds {unknown}
 u - 2 potions of mutation {unknown}
Comestibles
 c - 2 bread rations
 d - a royal jelly
 o - 2 chunks of flesh
 s - a beef jerky


   Skills:
 + Level 4.7 Fighting
 + Level 5.2 Axes
 + Level 3.7 Armour
 + Level 2.7 Dodging


You had 4 spell levels left.
You didn't know any spells.

Dungeon Overview and Level Annotations

Branches:
Dungeon (3/15)

Altars:


Message History

The jelly barely misses you.
You hit the jelly but do no damage.
Your hands burn!
The jelly is severely wounded.
The jelly hits you but does no damage.
You hit the jelly.
Your hands burn!
The jelly is almost dead.
The jelly hits you but does no damage.
You hit the jelly. The acid corrodes you!
Your hands burn!
The jelly is almost dead.
The jelly hits you.
You are splashed with acid!
The acid burns!
* * * LOW HITPOINT WARNING * * *
You hit the jelly but do no damage.
Your hands burn!
* * * LOW HITPOINT WARNING * * *
The jelly is almost dead.
The jelly hits you.
* * * LOW HITPOINT WARNING * * *
You are splashed with acid!
The acid burns!
* * * LOW HITPOINT WARNING * * *
The jelly hits you.
You die...

###############
#.............#
#.#####..####.#
####..####.#
#.......##.#######
#@##..............
#...J....#.##.##.##.#
#......###......##.##.#
#.###### #########.#..#
# #.#.## #..... #...##
###.#.# #...#...


You could see a jelly.

Vanquished Creatures
  An orc wizard (D:3)
  Ijyb (D:2)
  Robin (D:3)
  3 adders (D:2)
  A dart slug (D:1)
  2 giant geckos
  8 orcs (D:3)
  A ball python (D:1)
  6 bats
  4 giant cockroaches
  11 goblins
  7 hobgoblins
  3 jackals (D:1)
  3 quokkas
  4 giant newts
  13 kobolds
  12 rats
81 creatures vanquished.

Notes
Turn   | Place    | Note
--------------------------------------------------------------
     0 | D:1      | nikopol the Hill Orc Berserker began the quest for the Orb.
     0 | D:1      | Reached XP level 1. HP: 19/19 MP: 1/1
   163 | D:1      | Reached XP level 2. HP: 22/27 MP: 2/2
   554 | D:1      | Reached ** piety under Trog
   554 | D:1      | Reached XP level 3. HP: 32/33 MP: 3/3
  1310 | D:2      | Reached XP level 4. HP: 40/40 MP: 4/4
  1797 | D:2      | Noticed Ijyb
  1816 | D:2      | Killed Ijyb
  1816 | D:2      | Reached skill level 5 in Axes
  2197 | D:3      | Noticed Robin
  2205 | D:3      | Killed Robin
  2205 | D:3      | Reached XP level 5. HP: 47/47 MP: 5/5
  2205 | D:3      | Reached *** piety under Trog
  2895 | D:3      | HP: 1/47 [acid (6)]
  2895 | D:3      | Slain by a jelly

Skill      XL: |  1  2  3  4 |
---------------+-------------+-----
Fighting       | 4 |  4.7
Armour         | 3 |  3.7
Dodging        | 2 |  2.7
Axes           | 5 |  5.2

Action                   |  1- 3 |  4- 6 || total
-------------------------+-------+-------++-------
Melee: Hand axe          |   141 |   158 ||   299
Invok: Berserk           |     1 |     1 ||     2
  Eat: Chunk             |     2 |     7 ||     9
Armor: Animal skin       |     1 |       ||     1
       Ring mail         |    52 |    69 ||   121
Dodge: Dodged            |    96 |    94 ||   190
